Map: Oiseau de foudre EC

Players

zuka

  • Race: Protoss Protoss
  • League: Master
  • Spawn Location: 11:00

IA (très facile) - Winner!

  • Race: Zerg Zerg
  • Spawn Location: 5:00

VOD

Have the link to the VOD?

Description

Time

  • Played on: Oct. 18, 2019, 11:49 a.m.
  • Length: 2:08
Show
View Real Time Build Order
Export as new Build Order

zuka Protoss 

Build Orders:  

Get SALT Encoding   

  12  0:01  Probe  
  13  0:13  Probe (Chrono Boost)  
  14  0:17  Pylon  
  14  0:25  Probe (Chrono Boost)  
  15  0:34  Probe (Chrono Boost)  
  15  0:38  Forge  
  16  0:45  Probe  
  17  1:02  Pylon x2  
  17  1:05  Pylon  
  17  1:21  Photon Cannon, Gateway  
Show
View Real Time Build Order
Export as new Build Order

IA (très facile) Zerg - Winner!

Build Orders: Pool Only 

Get SALT Encoding   

  12  0:01  Drone  
  13  0:12  Overlord  
  13  0:16  Drone  
  14  0:36  Spawning Pool  
  14  0:37  Extractor  
  14  0:39  Drone  
  13  0:47  Drone  
  14  0:51  Overlord  
  14  1:24  Zergling x2  
  15  1:25  Queen  
  15  1:29  Roach Warren  
  16  1:33  Drone  
  16  1:36  Extractor  
  16  1:40  Drone  
  16  1:41  Zergling x2  
  18  1:56  Drone  
Tags
 
League
Master
Matchup
PvZ
Opening
Pool Only
Spawn Locations
Cross Positions
Add a new tag
Caveats
  • Supply blocks, unpowered buildings, or Contaminate may cause inaccurate times.
  • Supply counts are checked every 10 seconds.